 Dungeon Crawl Stone Soup version 0.29.0-11-gd7f09526c8 (webtiles) character file.

Game seed: 7552075732786128410

162 iguanaiguana the Covered (level 5, -2/47 HPs)
             Began as a Minotaur Fighter on Sept 6, 2022.
             Slain by an iguana (5 damage)
             ... on level 4 of the Dungeon.
             The game lasted 00:02:04 (2367 turns).

iguanaiguana the Covered (Minotaur Fighter)         Turns: 2367, Time: 00:02:05

Health: -2/47      AC: 10    Str: 22    XL:     5   Next: 19%
Magic:  4/4        EV:  7    Int:  5    God:
Gold:   111        SH:  4    Dex: 10    Spells: 4/4 levels left

rFire   . . .      SeeInvis .   a - +0 war axe
rCold   . . .      Faith    .   c - +0 buckler
rNeg    . . .      Spirit   .   s - +1 chain mail of Cofus Tozxu {Rampage rElec Will-}
rPois   .          Reflect  .   (helmet restricted)
rElec   +          Harm     .   (no cloak)
rCorr   .          Rampage  +   (no gloves)
Will    .....                   (no boots)
Stlth   ..........              (no amulet)
HPRegen 0.15/turn               l - ring of willpower
MPRegen 0.09/turn               (no ring)

@: mighty, studying Earth Magic
A: horns 2, retaliatory headbutt
a: no special abilities


You were on level 4 of the Dungeon.
You visited 1 branch of the dungeon, and saw 4 of its levels.

You collected 161 gold pieces.
You spent 50 gold pieces at shops.

Inventory:

Hand Weapons
 a - a +0 war axe (weapon)
Armour
 b - a +0 scale mail
 c - a +0 buckler (worn)
 s - the +1 chain mail of Cofus Tozxu (worn) {Rampage rElec Will-}
   (You found it on level 3 of the Dungeon)

   rElec:     It insulates you from electricity.
   Rampage:   It bestows one free step when moving towards enemies.
   Will:      It decreases your willpower.
Magical Staves
 v - a staff of death
Jewellery
 l - a ring of willpower (left hand)
 u - an amulet of magic regeneration
Scrolls
 e - 5 scrolls of identify {@r1}
 f - a scroll of poison {unknown}
 g - 3 scrolls of teleportation {unknown}
 h - a scroll of torment {unknown}
 j - a scroll of butterflies {unknown}
 m - a scroll of acquirement {unknown}
 n - 2 scrolls of magic mapping {unknown}
 o - a scroll of brand weapon {unknown}
 q - 2 scrolls of blinking {unknown}
Potions
 i - 2 potions of curing {@q1}
 k - a potion of invisibility {unknown}
 p - a potion of magic {unknown}
 r - a potion of heal wounds {unknown}
 t - a potion of flight {unknown}


   Skills:
 + Level 4.5 Fighting
 * Level 4.5 Axes
 + Level 4.5 Armour
 + Level 4.5 Shields


You had 4 spell levels left.
You didn't know any spells.
Your spell library contained the following spells:

 Spells                   Type           Power      Damage    Failure   Level
 Sandblast                Erth           0%         2d4       99%         1
 Passwall                 Tmut/Erth      0%         N/A       100%        2
 Stone Arrow              Conj/Erth      0%         3d7       100%        3


Dungeon Overview and Level Annotations

Branches:
Dungeon (4/15) Zot: 21592
 Temple: D:4-7

Altars:

Shops:
D:2 *   D:3 :

Annotations:
D:4 Eustachio


Innate Abilities, Weirdness & Mutations

You have a pair of horns on your head.
You reflexively headbutt those who attack you in melee.


Message History

Options error: Cannot parse macros += M h , there are only two arguments (~/.crawlrc:333) Options error: 'h' is not a valid macro or keymap context (macros += h \{9}\{9}\{9}) (~/.crawlrc:336) Welcome back, iguanaiguana the Minotaur Fighter.
Press ? for a list of commands and other information.
Unknown command.
Unknown command.
There are monsters nearby!
There are monsters nearby!
There are monsters nearby!
There are monsters nearby!
There are monsters nearby!
There are monsters nearby!
Eustachio hits you with a +5 falchion of freezing.
Eustachio freezes you.
Unknown command.
You closely miss Eustachio.
Eustachio hits you with a +5 falchion of freezing!
Eustachio freezes you.
You slash Eustachio!
Eustachio is moderately wounded.
You barely miss the iguana. You hit the ogre.
Eustachio gestures wildly while chanting.
The ogre hits you with a +0 giant spiked club!!
* * * LOW HITPOINT WARNING * * *
You slash Eustachio!
Eustachio is severely wounded.
You completely miss the ogre. You miss the quasit. You slash the quasit!
You hit the iguana.
Eustachio hits you with a +5 falchion of freezing.
* * * LOW HITPOINT WARNING * * *
Eustachio freezes you.
* * * LOW HITPOINT WARNING * * *
The iguana bites you.
* * * LOW HITPOINT WARNING * * *
You barely miss Eustachio.
Eustachio is severely wounded.
You hit the ogre.
You barely miss the quasit. x2; You closely miss the iguana.
Eustachio gestures wildly while chanting.
The iguana bites you.
You die...

. ..# ....##
......###
......l5# #@#
.....rO@5......
.......5##.....
.....#..b .###
.....#.#. #
#### #. .. #.
#. .. ..


You could see Eustachio, an ogre, an iguana, 2 quasits, a white imp (summoned),
a quokka (summoned) and a bat (summoned).

Vanquished Creatures
  Natasha (twice) (D:2)
  4 gnolls (D:3)
  3 adders (D:3)
  2 worms (D:2)
  A dart slug (D:1)
  6 endoplasms
  A giant cockroach (D:1)
  3 goblins
  4 hobgoblins
  3 jackals (D:2)
  A quokka (D:1)
  3 ball pythons
  2 bats
  4 frilled lizards
  4 kobolds
  2 rats (D:2)
45 creatures vanquished.

Notes
Turn   | Place    | Note
-------+----------+-------------------------------------------
     0 | D:1      | iguanaiguana the Minotaur Fighter began the quest for the
                  | Orb.
     0 | D:1      | Reached XP level 1. HP: 19/19 MP: 0/0
   354 | D:1      | Reached XP level 2. HP: 27/27 MP: 1/1
   946 | D:2      | Noticed Natasha
   950 | D:2      | Noticed a crimson imp
   953 | D:2      | Killed Natasha
   954 | D:2      | Reached XP level 3. HP: 33/33 MP: 2/2
  1059 | D:2      | Found Heal's General Store.
  1068 | D:2      | Bought a scroll of identify for 20 gold pieces
  1068 | D:2      | Bought a potion of curing for 30 gold pieces
  1548 | D:2      | Noticed Natasha
  1558 | D:2      | Killed Natasha
  1559 | D:2      | Reached XP level 4. HP: 30/40 MP: 3/3
  1732 | D:3      | Identified the +1 chain mail of Cofus Tozxu {Rampage rElec
                  | Will-}
  2025 | D:3      | Found Liceirof's Book Shop.
  2033 | D:3      | Reached XP level 5. HP: 47/47 MP: 4/4
  2361 | D:4      | Noticed Eustachio
  2361 | D:4      | Noticed an ogre
  2367 | D:4      | Slain by an iguana

Illustrated notes

Levels and vault maps discovered:
D:1:      roderic_octagonal_star, layout_basic
D:2:      layout_loops_ring, serial_shops, nicolae_shop_advertising_works
          [nicolae_subvault_shop_adworks], hangedman_decor_peaks_small,
          grunt_decor_junction, lightli_corner_chamber, uniq_natasha
D:3:      layout_rooms, serial_shops, shop, st_stairs_6
D:4:      layout_rooms, portal_sewer_entry_b, uniq_eustachio

Skill      XL: |  1  2  3 |
---------------+----------+-----
Axes           | 3 4 |  4.5
Fighting       | 4 |  4.5
Armour         | 4 |  4.5
Shields        | 4 |  4.5

Action                   |  1- 3 |  4- 6 || total
-------------------------+-------+-------++-------
Melee: War axe           |    80 |    33 ||   113
       Headbutt          |     9 |     5 ||    14
  Use: Potion            |       |     1 ||     1
Armor: Scale mail        |    37 |     2 ||    39
       Chain mail        |       |    16 ||    16
Dodge: Dodged            |    32 |    16 ||    48
Block: Buckler           |    11 |     6 ||    17
